 Dungeon Crawl Stone Soup version 0.27.1-4-g1640c2035a (webtiles) character file.

Game seed: 6048635581745912881

44 H0rd4k the Charlatan (level 3, -1/26 HPs)
             Began as a Human Artificer on Nov 3, 2021.
             Succumbed to a gnoll's poison
             ... on level 2 of the Dungeon.
             The game lasted 00:01:23 (2447 turns).

H0rd4k the Charlatan (Human Artificer)              Turns: 2447, Time: 00:01:23

Health: -1/26      AC:  3    Str: 13    XL:     3   Next: 85%
Magic:  3/3        EV: 11    Int: 11    God:
Gold:   63         SH:  0    Dex: 13    Spells: 2/2 levels left

rFire    . . .     SeeInvis .   h - +0 short sword
rCold    . . .     Faith    .   (no shield)
rNeg     + . .     Spirit   .   b - +0 leather armour
rPois    .         Reflect  .   (no helmet)
rElec    .         Harm     .   (no cloak)
rCorr    .         Rampage  .   (no gloves)
Will     .....                  (no boots)
Stlth    +.........             (no amulet)
HPRegen  0.08/turn              a - ring of positive energy
MPRegen  0.08/turn              (no ring)

@: lethally poisoned (-1 -> -22)
A: no striking features
a: no special abilities


You were on level 2 of the Dungeon.
You visited 1 branch of the dungeon, and saw 2 of its levels.

You collected 63 gold pieces.

Inventory:

Hand Weapons
 h - a +0 short sword (weapon)
Missiles
 j - 10 poisoned darts
Armour
 b - a +0 leather armour (worn)
Jewellery
 a - a ring of positive energy (left hand)
Wands
 c - a wand of flame (14) (quivered)
 d - a wand of charming (15)
Scrolls
 g - 3 scrolls of vulnerability {unknown}
Potions
 f - a potion of ambrosia {unknown}
 i - a potion of brilliance {unknown}
 k - a potion of curing {unknown}
 l - a potion of heal wounds {unknown}
Miscellaneous
 e - a piece from Xom's chessboard (15/15)


   Skills:
 + Level 1.3 Fighting
 + Level 1.0 Short Blades
 - Level 2.0 Armour
 + Level 1.3 Dodging
 - Level 1.0 Stealth
 + Level 4.0 Evocations


You had 2 spell levels left.
You didn't know any spells.
Your spell library was empty.

Dungeon Overview and Level Annotations

Branches:
Dungeon (2/15)

Altars:


Message History

No target in view!
No target in view!
No target in view!
No target in view!
No target in view!
No target in view!
A goblin comes into view. It is wielding a +0 dagger.
Things that are here:
a +0 dagger; a scroll labelled BUSIHO APYOTRI A goblin is nearby!
A goblin is nearby!
A goblin is nearby!
You see here a brown potion.
The goblin hits you but does no damage.
You barely miss the goblin. The goblin barely misses you.
A gnoll comes into view. It is wielding a +0 spear.
You hit the goblin.
You kill the goblin!
A gnoll comes into view. It is wielding a +4 spear of venom.
The gnoll shouts!
You hear a shout! x2
The gnoll hits you with a +0 spear.
A gnoll comes into view. It is wielding a +0 flail.
A gnoll comes into view. It is wielding a +0 halberd.
You see here a +0 dagger.
You hit the gnoll.
The gnoll is lightly wounded.
The gnoll hits you with a +0 spear.
You hit the gnoll.
The gnoll is moderately wounded.
The gnoll misses you. The gnoll hits you with a +0 spear.
The gnoll hits you from afar with a +4 spear of venom.
You are poisoned.
You hit the gnoll.
The gnoll is severely wounded.
You feel very sick. The gnoll hits you but does no damage.
The gnoll hits you from afar with a +4 spear of venom!
* * * LOW HITPOINT WARNING * * *
You are more poisoned.
You die...

############
.......<...#
##########)#
#!# #@# #)#
#.gg..#
#.....#
...#.g.#
#..##g..#
#### #...
#.. #.


You could see 2 gnolls.

Vanquished Creatures
  4 ball pythons (D:1)
  3 bats (D:1)
  2 endoplasms (D:1)
  A giant cockroach (D:1)
  7 goblins
  3 hobgoblins (D:1)
  4 jackals (D:1)
  3 kobolds (D:1)
  3 quokkas (D:1)
  5 frilled lizards (D:1)
  2 rats (D:1)
37 creatures vanquished.

Notes
Turn   | Place    | Note
-------+----------+-------------------------------------------
     0 | D:1      | H0rd4k the Human Artificer began the quest for the Orb.
     0 | D:1      | Reached XP level 1. HP: 15/15 MP: 1/1
   480 | D:1      | Reached XP level 2. HP: 11/21 MP: 2/2
  1259 | D:1      | Reached XP level 3. HP: 25/26 MP: 3/3
  1383 | D:1      | Reached skill level 4 in Evocations
  2437 | D:2      | Reached skill level 1 in Short Blades
  2447 | D:2      | Succumbed to a gnoll's poison

Illustrated notes

Levels and vault maps discovered:
D:1:      nicolae_arrival_memento_mori, layout_loops_corners,
          minmay_tiny_reverse_x
D:2:      layout_loops_ring, hellmonk_ecumenical_altar_crossroads,
          hangedman_glass_teeth, uniq_sigmund

Skill      XL: |  1  2  3 |
---------------+----------+-----
Evocations     | 4 |  4.0
Short Blades   | 1 |  1.0
Fighting       | |  1.3
Armour         | |  2.0
Dodging        | |  1.3
Stealth        | |  1.0

Action                   || total
-------------------------++-------
Melee: Club              ||    14
       Short sword       ||   138
Evoke: Wand              ||     1
Armor: Leather armour    ||    54
Dodge: Dodged            ||   108
